SL
BIRMINGHAM BARONS @ TENNESSEE SMOKIES
05/26/2099
 
TOP OF THE 1ST
Birmingham Barons batting - Pitching for Tennessee Smokies : RHP Jeremy Martin
Pitching: RHP Jeremy Martin
Batting: SHB Milt Gomez 0-0: Ball
1-0: Ball
2-0: Ball
3-0: Base on Balls
Batting: RHB Justin McWilliams 0-0: Ball
1-0: Called Strike
1-1: Ball
Pickoff Throw to First - Out! 1-3
2-1: Ball
3-1: Foul Ball, location: 2F
3-2: Strikes out looking
Batting: LHB Billy Stanley 0-0: Ball
1-0: Ball
2-0: Ball
3-0: Called Strike
3-1: Called Strike
3-2: Base on Balls
Batting: RHB Antonio Herrera 0-0: Ball
1-0: Swinging Strike
1-1: Foul Ball, location: 25FF
1-2: Ball
2-2: Foul Ball, location: 5FF
2-2: Strikes out swinging
Top of the 1st over - 0 runs, 0 hits, 0 errors, 1 left on base; Birmingham 0 - Tennessee 0
BOTTOM OF THE 1ST
Tennessee Smokies batting - Pitching for Birmingham Barons : RHP Robert Devlin
Pitching: RHP Robert Devlin
Batting: LHB Mike Carlson 0-0: Foul Ball, location: 2F
0-1: Called Strike
0-2: Ball
1-2: DOUBLE (Groundball, 5L, EV 106.3 MPH)
Batting: RHB Jim Unknown 0-0: Ball
1-0: Called Strike
1-1: SINGLE (Line Drive, 89S, EV 108.8 MPH)
Mike Carlson to third
Batting: RHB Mike Schickling 0-0: Ball
1-0: Ball
Jim Unknown steals 2nd base
2-0: Called Strike
2-1: Foul Ball, location: 7LMF
2-2: Foul Ball, location: 2F
2-2: Ball
3-2: Strikes out swinging
Batting: RHB Josh Sanford 0-0: Swinging Strike
0-1: Swinging Strike
0-2: Strikes out swinging
Batting: RHB Jim Unknown 0-0: Fly out, F8 (Flyball, 8LXD, EV 94.4 MPH)
Bottom of the 1st over - 0 runs, 2 hits, 0 errors, 2 left on base; Birmingham 0 - Tennessee 0
TOP OF THE 2ND
Birmingham Barons batting - Pitching for Tennessee Smokies : RHP Jeremy Martin
Batting: RHB Jose Delgado 0-0: Ball
1-0: Called Strike
1-1: Ball
2-1: Swinging Strike
2-2: Foul Ball, location: 2F
2-2: Strikes out looking
Batting: LHB Greg Petersen 0-0: Ball
1-0: Ball
2-0: Ball
3-0: Called Strike
3-1: Ground out 3-1 (Groundball, 34, EV 96.9 MPH)
Batting: LHB Arsenio Symonds 0-0: Fly out, F9 (Line Drive, 9LM, EV 90.6 MPH)
Top of the 2nd over - 0 runs, 0 hits, 0 errors, 0 left on base; Birmingham 0 - Tennessee 0
BOTTOM OF THE 2ND
Tennessee Smokies batting - Pitching for Birmingham Barons : RHP Robert Devlin
Batting: LHB Jim Unknown 0-0: Called Strike
0-1: Called Strike
0-2: Ball
1-2: Strikes out swinging
Batting: RHB Jim Unknown 0-0: Ball
1-0: Foul Ball, location: 5F
1-1: SINGLE (Groundball, 4D, EV 101.9 MPH)
Batting: RHB Jim Unknown Pickoff Play to 1st, Runner tries for 2nd, OUT after rundown.
0-0: Ball
1-0: Ball
2-0: Called Strike
2-1: Ball
3-1: Fly out, F7 (Flyball, 7, EV 84.4 MPH)
Bottom of the 2nd over - 0 runs, 1 hit, 0 errors, 0 left on base; Birmingham 0 - Tennessee 0
TOP OF THE 3RD
Birmingham Barons batting - Pitching for Tennessee Smokies : RHP Jeremy Martin
Batting: RHB Vinny Figueroa 0-0: Called Strike
0-1: Swinging Strike
0-2: Fly out, F7 (Line Drive, 7, EV 101.3 MPH)
Batting: RHB Joe Schoeffler 0-0: Called Strike
0-1: Swinging Strike
0-2: Ball
1-2: Ball
2-2: Foul Ball, location: 9LMF
2-2: Strikes out swinging
Batting: SHB Milt Gomez 0-0: Called Strike
0-1: Ball
1-1: Ball
2-1: Foul Ball, location: 5F
2-2: Strikes out swinging
Top of the 3rd over - 0 runs, 0 hits, 0 errors, 0 left on base; Birmingham 0 - Tennessee 0
BOTTOM OF THE 3RD
Tennessee Smokies batting - Pitching for Birmingham Barons : RHP Robert Devlin
Batting: RHB Jim Unknown 0-0: Ball
1-0: Called Strike
1-1: Ground out 6-3 (Groundball, 6, EV 97.5 MPH)
Batting: LHB Mike Carlson 0-0: Ball
1-0: Foul Ball, location: 2F
1-1: Ball
2-1: Foul Ball, location: 3F
2-2: Strikes out swinging
Batting: RHB Jim Unknown 0-0: Called Strike
0-1: Ball
1-1: Ball
2-1: DOUBLE (Line Drive, 9LM, EV 110.6 MPH)
Batting: RHB Mike Schickling 0-0: Ball
1-0: Called Strike
1-1: Called Strike
1-2: Ball
2-2: Ball
3-2: Foul Ball, location: 7LMF
3-2: Base on Balls
Batting: RHB Josh Sanford 0-0: Fly out, F9 (Flyball, 9D, EV 90.6 MPH)
Bottom of the 3rd over - 0 runs, 1 hit, 0 errors, 2 left on base; Birmingham 0 - Tennessee 0
TOP OF THE 4TH
Birmingham Barons batting - Pitching for Tennessee Smokies : RHP Jeremy Martin
Batting: RHB Justin McWilliams 0-0: Ball
1-0: Foul Ball, location: 5SF
1-1: SINGLE (Line Drive, 8RS, EV 108.1 MPH)
Batting: LHB Billy Stanley 0-0: Swinging Strike
0-1: Ball
1-1: Fly out, F8 (Line Drive, 8RD, EV 86.9 MPH)
Batting: RHB Antonio Herrera 0-0: Ball
1-0: Ball
2-0: Ball
3-0: Called Strike
3-1: Base on Balls
Justin McWilliams to second
Batting: RHB Jose Delgado 0-0: Foul Ball, location: 2F
0-1: Ball
1-1: SINGLE (Line Drive, 4M, EV 68.1 MPH)
Justin McWilliams to third
Antonio Herrera to second
Runner from 3rd tries for Home, SAFE, throw by CF to home
Batting: LHB Greg Petersen 0-0: Called Strike
0-1: Ball
1-1: Swinging Strike
1-2: Fly out, F8 (Flyball, 8RM, EV 86.3 MPH)
Batting: LHB Arsenio Symonds 0-0: Ball
1-0: Called Strike
1-1: Foul Ball, location: 2F
1-2: SINGLE (Groundball, 56D, EV 103.8 MPH)
Antonio Herrera to third
Jose Delgado to second
Runner from 3rd tries for Home, SAFE, throw by LF to home
Batting: RHB Vinny Figueroa 0-0: Fly out, F6 (Popup, 4M, EV 62.5 MPH)
Top of the 4th over - 2 runs, 3 hits, 0 errors, 2 left on base; Birmingham 2 - Tennessee 0
BOTTOM OF THE 4TH
Tennessee Smokies batting - Pitching for Birmingham Barons : RHP Robert Devlin
Batting: RHB Jim Unknown 0-0: Ball
1-0: Called Strike
1-1: Ball
2-1: Called Strike
2-2: Strikes out looking
Batting: LHB Jim Unknown 0-0: Ball
1-0: Called Strike
1-1: Ball
2-1: Fly out, F8 (Flyball, 8RD, EV 101.9 MPH)
Batting: RHB Jim Unknown 0-0: Foul Ball, location: 7LDF
0-1: Foul Ball, location: 25F
0-2: Foul Ball, location: 2F
0-2: Ball
1-2: Ball
2-2: Fly out, F7 (Flyball, 7, EV 80.0 MPH)
Bottom of the 4th over - 0 runs, 0 hits, 0 errors, 0 left on base; Birmingham 2 - Tennessee 0
TOP OF THE 5TH
Birmingham Barons batting - Pitching for Tennessee Smokies : RHP Jeremy Martin
Batting: RHB Joe Schoeffler 0-0: Foul Ball, location: 2F
0-1: Foul Ball, location: 5FF
0-2: Strikes out swinging
Batting: SHB Milt Gomez 0-0: Ball
1-0: Foul Ball, location: 7LMFF
1-1: Ball
2-1: Reached on error, E5 (Line Drive, 56, EV 96.9 MPH)
Batting: RHB Justin McWilliams 0-0: Ball
Wild Pitch!
Milt Gomez to second
1-0: Called Strike
1-1: Swinging Strike
1-2: Ground out 5-3 (Groundball, 56S, EV 62.5 MPH)
Milt Gomez to third
Batting: LHB Billy Stanley 0-0: Swinging Strike
0-1: Foul Ball, location: 2F
0-2: Ball
1-2: Ball
2-2: 2-RUN HOME RUN (Line Drive, 9LD, EV 91.3 MPH), Distance : 340 ft
Batting: RHB Antonio Herrera 0-0: Ball
1-0: Ball
2-0: Ball
3-0: Called Strike
3-1: Base on Balls
Batting: RHB Jose Delgado 0-0: Ball
1-0: Swinging Strike
1-1: Called Strike
1-2: Foul Ball, location: 7LSF
1-2: Strikes out swinging
Top of the 5th over - 2 runs, 1 hit, 1 error, 1 left on base; Birmingham 4 - Tennessee 0
BOTTOM OF THE 5TH
Tennessee Smokies batting - Pitching for Birmingham Barons : RHP Robert Devlin
Batting: RHB Jim Unknown 0-0: Fly out, F7 (Flyball, 7, EV 95.0 MPH)
Batting: RHB Jim Unknown 0-0: Swinging Strike
0-1: Foul Ball, location: 2F
0-2: Strikes out swinging
Batting: LHB Mike Carlson 0-0: Called Strike
0-1: Called Strike
0-2: Ball
1-2: Ball
2-2: Strikes out swinging
Bottom of the 5th over - 0 runs, 0 hits, 0 errors, 0 left on base; Birmingham 4 - Tennessee 0
TOP OF THE 6TH
Birmingham Barons batting - Pitching for Tennessee Smokies : RHP Jeremy Martin
Pitching: LHP Jim Unknown
Batting: LHB Greg Petersen 0-0: Ground out 6-3 (Groundball, 6M, EV 86.3 MPH)
Batting: LHB Arsenio Symonds 0-0: Called Strike
0-1: Ball
1-1: Fly out, F7 (Flyball, 78S, EV 77.5 MPH)
Batting: RHB Vinny Figueroa 0-0: Ball
1-0: Swinging Strike
1-1: Ground out 5-3 (Groundball, 56S, EV 88.8 MPH)
Top of the 6th over - 0 runs, 0 hits, 0 errors, 0 left on base; Birmingham 4 - Tennessee 0
BOTTOM OF THE 6TH
Tennessee Smokies batting - Pitching for Birmingham Barons : RHP Robert Devlin
Batting: RHB Jim Unknown 0-0: Ball
1-0: Ground out 6-3 (Groundball, 56, EV 97.5 MPH)
Batting: RHB Mike Schickling 0-0: Ball
1-0: Ball
2-0: Foul Ball, location: 2F
2-1: Ground out 4-3 (Groundball, 4M, EV 78.1 MPH)
Batting: RHB Josh Sanford 0-0: Fly out, F7 (Flyball, 78M, EV 89.4 MPH)
Bottom of the 6th over - 0 runs, 0 hits, 0 errors, 0 left on base; Birmingham 4 - Tennessee 0
TOP OF THE 7TH
Birmingham Barons batting - Pitching for Tennessee Smokies : LHP Jim Unknown
Batting: RHB Joe Schoeffler 0-0: Called Strike
0-1: Ball
1-1: Called Strike
1-2: Ball
2-2: Foul Ball, location: 2F
2-2: Foul Ball, location: 25FF
2-2: Foul Ball, location: 2F
2-2: Foul Ball, location: 3F
2-2: Ground out 6-3 (Groundball, 6, EV 89.4 MPH)
Batting: SHB Milt Gomez 0-0: Called Strike
0-1: Foul Ball, location: 2F
0-2: Ball
1-2: Foul Ball, location: 2F
1-2: Ball
2-2: Ball
3-2: Foul Ball, location: 23F
3-2: Base on Balls
Batting: RHB Justin McWilliams 0-0: Ball
1-0: Foul Ball, location: 7LDF
1-1: Foul Ball, location: 9LMF
1-2: Strikes out looking
Batting: LHB Billy Stanley 0-0: Ball
1-0: Fly out, F7 (Flyball, 7LM, EV 106.3 MPH)
Top of the 7th over - 0 runs, 0 hits, 0 errors, 1 left on base; Birmingham 4 - Tennessee 0
BOTTOM OF THE 7TH
Tennessee Smokies batting - Pitching for Birmingham Barons : RHP Robert Devlin
Now at 1B: Billy Stanley
Now in LF: Zachary Johnson
Now in RF: Arsenio Symonds
Batting: RHB Jim Unknown 0-0: Fly out, F8 (Flyball, 8RXD, EV 79.4 MPH)
Batting: LHB Jim Unknown 0-0: Foul Ball, location: 3F
0-1: Foul Ball, location: 7LMF
0-2: Foul Ball, location: 9LSF
0-2: Strikes out swinging
Batting: RHB Jim Unknown 0-0: Ball
1-0: SINGLE (Line Drive, 78M, EV 104.4 MPH)
Batting: RHB Jim Unknown 0-0: Called Strike
0-1: Ball
1-1: Called Strike
Jim Unknown steals 2nd base
1-2: Strikes out swinging
Bottom of the 7th over - 0 runs, 1 hit, 0 errors, 1 left on base; Birmingham 4 - Tennessee 0
TOP OF THE 8TH
Birmingham Barons batting - Pitching for Tennessee Smokies : LHP Jim Unknown
Batting: RHB Zachary Johnson 0-0: Called Strike
0-1: Ball
1-1: SINGLE (Groundball, 6, EV 83.8 MPH) (infield hit)
Batting: RHB Jose Delgado 0-0: Called Strike
0-1: Ball
1-1: Grounds into double play, 6-4-3 (Groundball, 6, EV 99.4 MPH)
Batting: LHB Greg Petersen 0-0: Foul Ball, location: 7LSF
0-1: Called Strike
0-2: Hit by Pitch
Batting: LHB Arsenio Symonds 0-0: Swinging Strike
0-1: Called Strike
0-2: SINGLE (Groundball, 34D, EV 108.1 MPH)
Greg Petersen to second
Runner from 2nd tries for 3rd, SAFE, no throw by RF
Batting: RHB Vinny Figueroa 0-0: Ball
1-0: Foul Ball, location: 9LDF
1-1: Ball
2-1: Ball
3-1: Foul Ball, location: 2F
3-2: Ground out 5-3 (Groundball, 56, EV 99.4 MPH)
Top of the 8th over - 0 runs, 2 hits, 0 errors, 2 left on base; Birmingham 4 - Tennessee 0
BOTTOM OF THE 8TH
Tennessee Smokies batting - Pitching for Birmingham Barons : RHP Robert Devlin
Batting: RHB Jim Unknown 0-0: Ball
1-0: Called Strike
1-1: Ball
2-1: Foul Ball, location: 7LDF
2-2: Strikes out swinging
Batting: LHB Mike Carlson 0-0: Ball
1-0: Called Strike
1-1: Ball
2-1: Foul Ball, location: 2F
2-2: Ball
3-2: Strikes out swinging
Batting: RHB Jim Unknown 0-0: Ball
1-0: Fly out, F4 (Line Drive, 4, EV 70.6 MPH)
Bottom of the 8th over - 0 runs, 0 hits, 0 errors, 0 left on base; Birmingham 4 - Tennessee 0
TOP OF THE 9TH
Birmingham Barons batting - Pitching for Tennessee Smokies : LHP Jim Unknown
Batting: RHB Joe Schoeffler 0-0: Ball
1-0: Foul Ball, location: 23F
1-1: Ground out 5-3 (Groundball, 56S, EV 88.8 MPH)
Batting: SHB Milt Gomez 0-0: Ball
1-0: Foul Ball, location: 2F
1-1: Ball
2-1: SINGLE (Line Drive, 34D, EV 99.4 MPH)
Pitching: RHP Jim Unknown
Batting: RHB Justin McWilliams 0-0: Ball
Milt Gomez steals 2nd base
1-0: Ball
2-0: Called Strike
2-1: Ball
3-1: Base on Balls
Batting: LHB Billy Stanley 0-0: Ball
1-0: Ball
2-0: Ball
3-0: Base on Balls
Milt Gomez to third
Justin McWilliams to second
Batting: RHB Zachary Johnson 0-0: Fly out, F9 (Flyball, 89M, EV 98.1 MPH)
Batting: RHB Jose Delgado 0-0: Ball
1-0: Called Strike
1-1: Called Strike
1-2: Fly out, F8 (Flyball, 8RM, EV 88.1 MPH)
Top of the 9th over - 0 runs, 1 hit, 0 errors, 3 left on base; Birmingham 4 - Tennessee 0
BOTTOM OF THE 9TH
Tennessee Smokies batting - Pitching for Birmingham Barons : RHP Robert Devlin
Pitching: RHP Tony Gomez
Batting: RHB Mike Schickling 0-0: Called Strike
0-1: Ball
1-1: Ball
2-1: Ball
3-1: Base on Balls
Batting: RHB Josh Sanford 0-0: Called Strike
0-1: Ball
1-1: Swinging Strike
1-2: Strikes out looking
Batting: RHB Jim Unknown 0-0: Foul Ball, location: 2F
0-1: Ball
1-1: Fly out, F3 (Popup, 3S, EV 74.4 MPH)
Batting: LHB Jim Unknown 0-0: Called Strike
0-1: Called Strike
0-2: Ball
1-2: Foul Ball, location: 9LSF
1-2: 2-RUN HOME RUN (Flyball, 9D, EV 96.9 MPH), Distance : 366 ft
Pitching: RHP Josh Ambro
Batting: RHB Jim Unknown 0-0: Called Strike
0-1: Called Strike
0-2: Strikes out swinging
Bottom of the 9th over - 2 runs, 1 hit, 0 errors, 0 left on base; Birmingham 4 - Tennessee 2
Saturday, May 4th , 2024 - OOTP Baseball 24.11 Build 85